 Dungeon Crawl Stone Soup version 0.31-a0-1606-g60c5cc7444 (webtiles) character file.

Game seed: 2191549873201488011

46918 James the Unseen (level 14, -2/108 HPs)
             Began as a Spriggan Fighter on Jan 8, 2024.
             Was a Follower of Uskayaw.
             Slain by a black mamba (12 damage)
             ... on level 4 of the Lair of Beasts.
             The game lasted 01:54:53 (28933 turns).

James the Unseen (Spriggan Fighter)                Turns: 28933, Time: 01:54:54

Health: -2/108     AC: 27    Str: 12    XL:     14   Next: 6%
Magic:  21/21      EV:  4    Int: 11    God:    Uskayaw [*.....]
Gold:   617        SH:  6    Dex: 18    Spells: 13/13 levels left

rFire   . . .        a - +1 dagger (venom)
rCold   . . .        c - +0 buckler
rNeg    + . .        T - melded +1 animal skin
rPois   +            r - melded +2 hat
rElec   .            Q - melded +1 cloak
rCorr   .            (gloves unavailable)
SInv    +            (boots unavailable)
Will    ++...        W - amulet of the acrobat
Stlth   +++++++      K - ring of positive energy
HPRegen 0.38/turn    q - ring of poison resistance
MPRegen 0.17/turn

%: acrobat
@: tree-form
A: stationary, stasis, torment immunity, boosted hp, very small, no large
weapons, unfitting armour, see invisible, (speed 3)
a: Renounce Religion, Stomp


You were on level 4 of the Lair of Beasts.
You worshipped Uskayaw.
Uskayaw was aware of your devotion.
You were a tree.
You visited 3 branches of the dungeon, and saw 17 of its levels.

You collected 857 gold pieces.
You spent 240 gold pieces at shops.

Inventory:

Hand Weapons
 a - a +1 dagger of venom (weapon)
   (You took it off an orc wizard on level 10 of the Dungeon)
 b - a +3 rapier of speed
   (You took it off Duvessa on level 6 of the Dungeon)
 f - a +4 long sword
   (You took it off a wight on level 10 of the Dungeon)
 n - a +4 trident
   (You took it off a wight on level 10 of the Dungeon)
 p - a +3 scimitar
   (You took it off a wight on level 8 of the Dungeon)
 x - a +2 dagger of speed
   (You took it off an orc priest on level 5 of the Dungeon)
 C - the +8 orcbow of Iniorpha {elec, Fly rElec Str+4 Int+4}
   (You found it on level 3 of the Lair of Beasts)

   Str+4:     It affects your strength (+4).
   Int+4:     It affects your intelligence (+4).
   rElec:     It insulates you from electricity.
   Fly:       It grants you flight.
 E - the +9 spear of Susyrhuj {venom, +Blink rC+ Will+ Stlth+}
   (You found it on level 5 of the Dungeon)

   rC+:       It protects you from cold.
   Will+:     It increases your willpower.
   +Blink:    It lets you blink.
   Stlth+:    It makes you more stealthy.
 H - a +0 sling
   (You found it on level 1 of the Lair of Beasts)
 U - the +1 orcbow of Defence by Offence {speed, rF+ Will+ rCorr Str+3 Dex-2}
   (You found it on level 2 of the Lair of Beasts)

   Str+3:     It affects your strength (+3).
   Dex-2:     It affects your dexterity (-2).
   rF+:       It protects you from fire.
   Will+:     It increases your willpower.
   rCorr:     It protects you from acid and corrosion.
 X - a +1 dagger of holy wrath
   (You took it off Dowan on level 6 of the Dungeon)
 Y - a +1 rapier
Missiles
 i - 117 stones
 s - 29 poisoned darts (quivered)
 G - 7 boomerangs
 L - 4 throwing nets {!f}
Armour
 c - a +0 buckler (worn)
 r - a +2 hat (melded)
   (You found it on level 3 of the Lair of Beasts)
 F - an orb of guile
   (You found it on level 4 of the Lair of Beasts)
 Q - a +1 cloak (melded)
   (You found it on level 3 of the Dungeon)
 T - a +1 animal skin (melded)
   (You took it off Grum on level 8 of the Dungeon)
Jewellery
 e - an amulet of magic regeneration
   (You found it on level 6 of the Dungeon)
 q - a ring of poison resistance (right branch)
   (You bought it in a shop on level 6 of the Dungeon)
 y - a +6 ring of intelligence
   (You found it on level 5 of the Dungeon)
 J - a ring of flight
   (You found it on level 9 of the Dungeon)
 K - a ring of positive energy (left branch)
   (You found it on level 10 of the Dungeon)
 M - a ring of wizardry
   (You found it on level 2 of the Lair of Beasts)
 W - an amulet of the acrobat (around neck)
   (You found it on level 3 of the Lair of Beasts)
Wands
 t - a wand of flame (10)
   (You found it on level 2 of the Lair of Beasts)
 u - a wand of paralysis (2)
   (You found it on level 1 of the Lair of Beasts)
 v - a wand of digging (9)
   (You found it on level 5 of the Lair of Beasts)
 B - a wand of polymorph (36)
   (You found it on level 5 of the Dungeon)
Scrolls
 l - 4 scrolls of immolation {!r}
 w - 2 scrolls of fog
 D - 2 scrolls of revelation
 O - 2 scrolls of teleportation {@r4}
 R - a scroll of enchant armour
 V - 3 scrolls of identify {@r1}
Potions
 d - 3 potions of might
 g - a potion of berserk rage
 h - 7 potions of curing {@q1}
 j - 3 potions of heal wounds {@q2}
 k - a potion of resistance
 m - a potion of ambrosia
 o - a potion of invisibility
 z - 5 potions of mutation {!q}
 A - 2 potions of enlightenment
 I - a potion of lignification {!q}
 P - 2 potions of brilliance
 S - a potion of magic
 Z - 2 potions of cancellation


   Skills:
 - Level 7.0 Fighting
 - Level 14.0 Short Blades
 + Level 4.8 Armour
 - Level 14.0 Dodging
 - Level 18.0 Stealth
 - Level 5.0 Shields
 - Level 9.0 Invocations


You had 13 spell levels left.
You didn't know any spells.
Your spell library contained the following spells:

 Spells                   Type           Power      Damage    Failure   Level
 Freeze                   Ice            0%         1d3       43%         1
 Necrotise                Necr           0%         1d4       43%         1
 Sandblast                Erth           0%         2d4       43%         1
 Slow                     Hex            0%         N/A       43%         1
 Cigotuvi's Dreadful Rot  Necr/Alch/Air  0%         N/A       56%         2
 Ensorcelled Hibernation  Hex/Ice        0%         N/A       56%         2
 Mercury Vapours          Alch/Air       0%         N/A       56%         2
 Confusing Touch          Hex            0%         N/A       80%         3
 Frozen Ramparts          Ice            0%         1d1       80%         3
 Hailstorm                Conj/Ice       0%         3d5       80%         3
 Inner Flame              Hex/Fire       0%         N/A       80%         3
 Mephitic Cloud           Conj/Alch/Air  0%         N/A       80%         3
 Ozocubu's Armour         Ice            0%         N/A       80%         3
 Passwall                 Erth           0%         N/A       80%         3
 Sigil of Binding         Hex            0%         N/A       80%         3
 Stone Arrow              Conj/Erth      0%         3d7       80%         3
 Swiftness                Air            0%         N/A       80%         3
 Tukima's Dance           Hex            0%         N/A       80%         3
 Vampiric Draining        Necr           0%         2d6       80%         3
 Animate Dead             Necr           0%         N/A       99%         4
 Brom's Barrelling Bould  Conj/Erth      0%         2d3       99%         4
 Flame Wave               Conj/Fire      0%         2d4       99%         4
 Ignite Poison            Fire/Alch      0%         N/A       99%         4
 Martyr's Knell           Necr/Summ      0%         N/A       99%         4
 Passage of Golubria      Tloc           0%         N/A       99%         4
 Sticky Flame             Fire/Alch      0%         2d4       99%         4
 Vhi's Electric Charge    Tloc/Air       0%         N/A       99%         4
 Arcjolt                  Conj/Air       0%         1d10      100%        5
 Curse of Agony           Necr           0%         N/A       100%        5
 Freezing Cloud           Conj/Ice/Air   0%         6-21      100%        5
 Metabolic Englaciation   Hex/Ice        0%         N/A       100%        5
 Yara's Violent Unravell  Hex/Alch       0%         3d3       100%        5
 Sculpt Simulacrum        Ice/Alch       0%         N/A       100%        6
 Haunt                    Necr/Summ      0%         N/A       100%        7
 Infestation              Necr           0%         N/A       100%        8
 Maxwell's Capacitive Co  Air            0%         ∞         100%        8


Dungeon Overview and Level Annotations

Branches:
Dungeon (11/15)            Temple (1/1) D:5            Lair (5/5) D:11
 Shoals (0/4) Lair:3        Snake (0/4) Lair:3        Slime (0/5) Lair:5
    Orc: D:9-12

Altars:
Ashenzari
Cheibriados
Dithmenos
Elyvilon
Fedhas
Gozag
Hepliaklqana
Kikubaaqudgha
Makhleb
Nemelex Xobeh
Okawaru
Qazlal
Ru
Sif Muna
Trog
Uskayaw
Vehumet
Wu Jian
Xom
Yredelemnul
Zin
The Shining One
Jiyva

Shops:
D:6 *   D:7 (*

Portals:
Trove: D:11 (give 8 scrolls of fog)

Annotations:
D:3 exclusion: sky beast
Lair:1 exclusion: catoblepas
Lair:2 exclusion: hydra
Lair:4 exclusion: hydra
Lair:5 2 runed translucent doors, exclusions: hydra and 1 more exclusion


Innate Abilities, Weirdness & Mutations

You are a tree.
Your roots penetrate the ground, keeping you stationary.
You cannot be teleported.
You are immune to unholy pain and torment.
Your maximum health is greatly increased.
Your equipment is partially melded.
You are very small and have problems with some larger weapons.
You are too small for most types of armour.
You have supernaturally acute eyesight. (SInv)
((You cover ground extremely quickly. (Speed+++)))


Message History

The black mamba attacks as it pursues you!
The black mamba completely misses you.
The black mamba attacks as it pursues you!
The black mamba completely misses you.
The black mamba attacks as it pursues you!
The black mamba completely misses you.
The black mamba attacks as it pursues you!
The black mamba completely misses you.
The black mamba attacks as it pursues you!
The black mamba completely misses you.
The black mamba attacks as it pursues you!
The black mamba misses you.
The black mamba attacks as it pursues you!
You block the black mamba's attack.
You miss the black mamba. The black mamba bites you!
* * * LOW HITPOINT WARNING * * *
You hit the black mamba but do no damage.
The black mamba is poisoned.
The black mamba completely misses you.
You hit the black mamba but do no damage.
You block the black mamba's attack.
Your +1 dagger of venom stops dripping with poison.
Your hands tingle!
b - a +3 rapier of speed (weapon)
You block the black mamba's attack.
You hit the black mamba. The black mamba bites you!
* * * LOW HITPOINT WARNING * * *
The black mamba attacks as it pursues you!
The black mamba completely misses you.
The black mamba attacks as it pursues you!
The black mamba completely misses you.
The black mamba attacks as it pursues you!
You block the black mamba's attack.
You see here a +0 trident.
The black mamba attacks as it pursues you!
The black mamba completely misses you.
The black mamba attacks as it pursues you!
You block the black mamba's attack.
The black mamba attacks as it pursues you!
The black mamba completely misses you. x2
Okay, then.
Unknown command.
You turn into a tree.
Your +1 cloak melds into your body.
Your +2 hat melds into your body.
Your +1 animal skin melds into your body.
Your roots penetrate the ground.
The black mamba bites you.
* * * LOW HITPOINT WARNING * * *
Your +1 dagger of venom begins to drip with poison!
a - a +1 dagger of venom (weapon)
The black mamba bites you!
You die...

....####.....## #.......# #....#
###...## ##...#####
#....#####....####..#.##.##
#...##..#.....##.....##...#
....##P....#........#.#..##
.....#....###......#....##
###......## ##.........##
#....### ##........# ##..##
#..♣.##...# ##..# ##.S###...#####
#..## ##....#...##..# ###...###
#....##.......#
......#.######.....#)..##..######
.......................##.....##.
................###....##P.......
................###...#.##.......
.................##...#.##.......


You could see a black mamba (poisoned).

Vanquished Creatures
  Kirke (Lair:3)
  2 hydras
  A two-headed ogre (D:9)
  A catoblepas (Lair:4)
  A death yak (Lair:1)
  A boulder beetle (Lair:3)
  Pikel (D:7)
  A lindwurm (Lair:5)
  A cyclops (D:10)
  9 elephants
  2 manticores (D:10)
  9 black mambas
  A merfolk siren (Lair:3)
  15 cane toads
  A molten gargoyle (Lair:5)
  3 torpor snails
  4 rime drakes
  An unseen horror (D:11)
  15 komodo dragons
  2 kobold demonologists (D:10)
  Grinder (D:5)
  2 polar bears
  13 blink frogs
  8 dream sheep (Lair:5)
  2 wraiths
  A vampire (D:8)
  2 basilisks (Lair:5)
  52 yaks
  5 hogs (Lair:3)
  8 wyverns
  Grum (D:8)
  2 steam dragons
  Duvessa (D:6)
  4 hell hounds (Lair:5)
  20 water moccasins
  3 orc warriors
  4 wolves
  2 ogres (D:5)
  9 centaurs
  2 lemures (D:7)
  2 kobold brigands
  A phantom (D:4)
  12 bullfrogs
  15 wights
  4 scorpions
  9 killer bees (D:10)
  Dowan (D:6)
  3 howler monkeys (D:8)
  3 lava snakes (Lair:5)
  3 bombardier beetles
  2 gnoll boudas
  A hound (D:5)
  A jelly (D:6)
  Crazy Yiuf (D:3)
  8 orc priests
  8 iguanas
  13 orc wizards
  7 hell rats (Lair:3)
  14 gnolls
  7 adders
  2 shadow imps (D:5)
  3 white imps
  4 ufetubi
  2 dart slugs
  5 ribbon worms
  30 orcs
  2 ball pythons
  8 bats
  7 endoplasms
  4 giant cockroaches
  4 goblins (D:1)
  5 hobgoblins
  3 jackals (D:1)
  3 quokkas
  3 training dummies (D:7)
  A frilled lizard (D:2)
  18 kobolds
  6 rats
439 creatures vanquished.

Notes
Turn   | Place    | Note
-------+----------+-------------------------------------------
     0 | D:1      | James the Spriggan Fighter began the quest for the Orb.
     0 | D:1      | Reached XP level 1. HP: 11/11 MP: 2/2
   100 | D:1      | Reached XP level 2. HP: 16/16 MP: 3/3
   745 | D:1      | Reached XP level 3. HP: 15/19 MP: 4/4
  1315 | D:2      | Reached XP level 4. HP: 24/24 MP: 5/5
  1630 | D:3      | Found a glowing golden altar of the Shining One.
  1856 | D:3      | Reached skill level 2 in Stealth
  1856 | D:3      | Reached XP level 5. HP: 23/28 MP: 6/6
  1970 | D:3      | Found a runed translucent door.
  1971 | D:3      | Noticed Crazy Yiuf
  1978 | D:3      | Killed Crazy Yiuf
  1979 | D:3      | Reached skill level 3 in Stealth
  1980 | D:3      | Identified the +4 hammer of Doiges {vamp, Int+4}
  2063 | D:3      | Noticed a sky beast
  2220 | D:3      | Reached skill level 4 in Stealth
  2428 | D:4      | Reached skill level 5 in Stealth
  2547 | D:4      | Reached XP level 6. HP: 20/32 MP: 7/7
  2645 | D:4      | Reached skill level 6 in Stealth
  2668 | D:4      | Reached skill level 7 in Stealth
  3034 | D:5      | Entered Level 5 of the Dungeon
  3052 | D:4      | Reached skill level 8 in Stealth
  3181 | D:5      | Found a staircase to the Ecumenical Temple.
  3186 | Temple   | Entered the Ecumenical Temple
  3196 | Temple   | Became a worshipper of Uskayaw the Reveller
  3294 | D:4      | Reached * piety under Uskayaw
  3329 | D:5      | Reached skill level 5 in Short Blades
  3329 | D:5      | Reached XP level 7. HP: 28/36 MP: 8/8
  3380 | D:5      | Identified the +9 spear of Susyrhuj {venom, +Blink rC+
                  | Will+ Stlth+}
  3678 | D:4      | Reached ** piety under Uskayaw
  4418 | D:5      | Reached skill level 5 in Dodging
  4632 | D:5      | Reached XP level 8. HP: 36/42 MP: 9/9
  5265 | D:6      | Found Ulyppo's Serpentskin Sales.
  5270 | D:6      | Reached *** piety under Uskayaw
  5765 | D:6      | Noticed Grinder
  5778 | D:6      | Paralysed by Grinder for 5 turns
  6300 | D:5      | Reached XP level 9. HP: 17/46 MP: 10/10
  6537 | D:6      | Noticed Dowan
  6646 | D:6      | Found a bloodstained altar of Trog.
  6919 | D:7      | Found Oblicko's Firing Range.
  7058 | D:7      | Reached skill level 5 in Fighting
  7152 | D:7      | Noticed Pikel
  7337 | D:7      | Found Qotraoti's General Store.
  8456 | D:7      | Killed Pikel
  8457 | D:7      | Reached skill level 10 in Short Blades
  8457 | D:7      | Reached skill level 10 in Stealth
  8745 | D:8      | Noticed Grum
  8759 | D:8      | Killed Grum
  9055 | D:7      | Reached skill level 11 in Stealth
  9506 | D:8      | Reached **** piety under Uskayaw
  9533 | D:8      | Reached XP level 10. HP: 50/51 MP: 11/11
  9928 | D:8      | Reached skill level 12 in Stealth
 10202 | D:5      | Found a staircase to the Ecumenical Temple.
 10226 | D:5      | Paralysed by Grinder for 3 turns
 10235 | D:5      | Killed Grinder
 10733 | D:6      | Noticed Duvessa
 10753 | D:6      | Killed Duvessa
 10764 | D:6      | Killed Dowan
 11139 | D:9      | Noticed a two-headed ogre
 11190 | D:9      | Killed a two-headed ogre
 11191 | D:9      | Reached skill level 13 in Stealth
 11722 | D:9      | Reached skill level 10 in Dodging
 11742 | D:9      | Reached skill level 14 in Stealth
 11953 | D:9      | Reached skill level 15 in Stealth
 12051 | D:9      | Reached skill level 1 in Invocations
 12347 | D:10     | Entered Level 10 of the Dungeon
 12806 | D:10     | Reached XP level 11. HP: 23/55 MP: 13/15
 13071 | D:10     | Reached skill level 5 in Invocations
 13827 | D:11     | Reached ***** piety under Uskayaw
 14235 | D:11     | Found a portal to a secret trove of treasure.
 14862 | D:11     | Found an ancient bone altar of Kikubaaqudgha.
 15118 | D:11     | Found a staircase to the Lair.
 15674 | D:11     | Found a portal to a secret trove of treasure.
 15723 | D:11     | Found an ancient bone altar of Kikubaaqudgha.
 16035 | D:11     | Found a staircase to the Lair.
 16423 | D:6      | Bought a ring of poison resistance for 240 gold pieces
 16547 | Lair:1   | Entered Level 1 of the Lair of Beasts
 16775 | Lair:1   | HP: 2/56 [torpor snail (17)]
 17890 | Lair:1   | Reached skill level 5 in Shields
 18102 | Lair:1   | Reached XP level 12. HP: 61/61 MP: 17/17
 18136 | Lair:1   | Noticed an eight-headed hydra
 18169 | Lair:1   | Killed an eight-headed hydra
 18222 | Lair:1   | Noticed a death yak
 18223 | Lair:1   | Noticed a catoblepas
 18227 | Lair:1   | Killed a death yak
 18974 | Lair:2   | Noticed a seven-headed hydra
 19757 | Lair:2   | Identified the +1 orcbow of Defence by Offence {speed, rF+
                  | Will+ rCorr Str+3 Dex-2}
 19896 | Lair:2   | Noticed a seven-headed hydra
 20196 | Lair:3   | Reached skill level 16 in Stealth
 20280 | Lair:3   | Found a staircase to the Snake Pit.
 20679 | Lair:3   | Found a staircase to the Shoals.
 20842 | Lair:3   | Noticed a boulder beetle
 20849 | Lair:3   | Killed a boulder beetle
 21270 | Lair:3   | Identified the +8 orcbow of Iniorpha {elec, Fly rElec Str+4
                  | Int+4}
 21332 | Lair:3   | You fall into a shaft and drop 1 floor!
 21632 | Lair:4   | Noticed an eight-headed hydra
 21696 | Lair:4   | Noticed Kirke
 21948 | Lair:3   | Reached XP level 13. HP: 61/65 MP: 20/20
 22564 | Lair:3   | Reached skill level 17 in Stealth
 24804 | Lair:5   | Entered Level 5 of the Lair of Beasts
 24998 | Lair:5   | Reached skill level 18 in Stealth
 25215 | Lair:5   | Found a viscous altar of Jiyva.
 25215 | Lair:5   | Found a staircase to the Slime Pits.
 25705 | Lair:5   | Reached skill level 1 in Armour
 26020 | Lair:5   | Reached ****** piety under Uskayaw
 26814 | Lair:3   | Killed Kirke
 27641 | Lair:5   | Found a large runed translucent door.
 28208 | Lair:5   | Reached XP level 14. HP: 72/72 MP: 21/21
 28380 | Lair:5   | Found a large runed translucent door.
 28488 | Lair:5   | HP: 2/72 [komodo dragon (22)]
 28933 | Lair:4   | Slain by a black mamba

Illustrated notes

Levels and vault maps discovered:
D:1:      minmay_arrival_doors, layout_basic, minmay_cut_off
D:2:      minmay_angry_zag, layout_basic
D:3:      layout_rooms, tso_oasis_becter, serial_bayou_ford_a,
          lightli_corner_chamber, uniq_crazy_yiuf_cottage
D:4:      layout_basic, kennysheep_generic_room_2
D:5:      layout_rooms, minmay_temple_entry_statues_pillars
D:6:      layout_loops_ring, trog_butcher_becter, guppyfry_shop_venom,
          uniq_grinder, uniq_duvessa
D:7:      layout_cave_pods, serial_shops, shop, chequers_jeans,
          nicolae_shop_firing_range, uniq_pikel
D:8:      layout_basic, minmay_tree_intersection, uniq_grum
D:9:      layout_irregular_city
D:10:     layout_roguey
D:11:     layout_layer_cave, david_lair_shrubbed, nicolae_trove_entry_crossroad,
          kiku_gazebo_garden_becter
Temple:   nicolae_temple_bog_church
Lair:1:   layout_regular_city, minmay_shattered_shrine, grunt_megastairs_3
Lair:2:   layout_roguey
Lair:3:   layout_regular_city, minmay_shoals_entry_lonely_mermaid,
          minmay_snake_entry_six_corridors
Lair:4:   layout_layer_cave, uniq_kirke
Lair:5:   cheibrodos_lair_end_hotspot, layout_cave_pods, slime_entry_1,
          grunt_forest_small_clearing_treed

Skill      XL: |  1  2  3  4  5  6  7  8  9 10 11 12 13 |
---------------+----------------------------------------+-----
Short Blades   | 3 4 5 6 9 10 12 14 | 14.0
Fighting       | 3 4 5 6 7 |  7.0
Shields        | 3 4 5 |  5.0
Stealth        | 2 5 8 11 15 16 18 | 18.0
Dodging        | 6 7 10 11 14 | 14.0
Invocations    | 4 6 8 9 |  9.0
Armour         | 4 |  4.8

Action                     |  1- 3 |  4- 6 |  7- 9 | 10-12 | 13-15 || total
---------------------------+-------+-------+-------+-------+-------++-------
  Melee: Rapier            |    64 |       |    35 |   572 |   616 ||  1287
         Dagger            |    87 |   146 |   493 |   642 |   266 ||  1634
         Spear             |       |       |     5 |       |       ||     5
  Throw: Dart              |       |       |    10 |     7 |       ||    17
  Evoke: Wand              |       |       |     1 |     3 |     4 ||     8
    Use: Potion            |     2 |       |       |     3 |     3 ||     8
         Scroll            |       |     9 |     5 |     7 |     2 ||    23
   Stab: Sleeping          |     3 |    16 |    12 |    38 |     9 ||    78
         Distracted        |       |       |     4 |     6 |     4 ||    14
         Paralysed         |       |       |     3 |    30 |    24 ||    57
 Armour: Robe              |    26 |    33 |   123 |       |       ||   182
         Skin              |     3 |       |       |     7 |     2 ||    12
         Animal skin       |       |       |     5 |   199 |   139 ||   343
  Dodge: Dodged            |    94 |    68 |   263 |   554 |   451 ||  1430
  Block: Buckler           |    28 |    12 |    83 |   201 |   110 ||   434

Table legend: (Time is in decaauts)
 A = Elapsed time spent in this place.
 B = Non-inter-level travel time spent in this place.
 C = Inter-level travel time spent in this place.
 D = Time resting spent in this place.
 E = Time spent auto-exploring this place.
 F = Levels seen in this place.
 G = Mean time per level.
                   A        B        C        D        E       F      G
               +--------+--------+--------+--------+--------+-----+--------+
         Total |  21298 |  20229 |   1069 |   7600 |   4854 |  17 | 1252.8 |
       Dungeon |  12313 |  11612 |    701 |   3730 |   4180 |  11 | 1119.4 |
        Temple |     14 |      8 |      6 |      0 |      0 |   1 |   14.0 |
          Lair |   8970 |   8609 |    361 |   3869 |    673 |   5 | 1794.0 |
               +--------+--------+--------+--------+--------+-----+--------+

Top non-repeatable levels by time:
  Lair:3: 2426 daAuts
  Lair:5: 2130 daAuts
     D:5: 1992 daAuts
  Lair:1: 1867 daAuts
  Lair:4: 1702 daAuts
    D:10: 1602 daAuts
    D:11: 1415 daAuts
     D:7: 1407 daAuts
     D:6: 1194 daAuts
     D:4: 1091 daAuts
     D:8: 948 daAuts
     D:9: 940 daAuts
  Lair:2: 843 daAuts
     D:2: 645 daAuts
     D:1: 601 daAuts
